 Dungeon Crawl Stone Soup version 0.19.5 (webtiles) character file.

93 JeffiDaFish the Shooter (level 4, 0/23 HPs)
             Began as a Spriggan Hunter on Dec 13, 2017.
             Slain by an orc (2 damage)
             ... on level 2 of the Dungeon.
             The game lasted 00:05:15 (2030 turns).

JeffiDaFish the Shooter (Spriggan Hunter)           Turns: 2030, Time: 00:05:16

Health: 0/23       AC:  3    Str:  7 (8)  XL:     4   Next: 36%
Magic:  5/5        EV: 19    Int: 12      God:
Gold:   105        SH:  0    Dex: 15 (17) Spells: 0 memorised, 3 levels left

rFire  . . .     SeeInvis +     g - +0 short sword (venom)
rCold  . . .     Gourm    .     c - +1 robe
rNeg   . . .     Faith    .     (shield restricted)
rPois  .         Spirit   .     (helmet restricted)
rElec  .         Reflect  .     (no cloak)
rCorr  .         Harm     .     (gloves unavailable)
MR     .....                    (boots unavailable)
Stlth  ++........               (no amulet)
                                (no ring)
                                (no ring)

@: very quick
A: unfitting armour, see invisible, herbivore 3, speed 3, slow metabolism 2
a: no special abilities


You were on level 2 of the Dungeon.
You were not hungry.

You visited 1 branch of the dungeon, and saw 3 of its levels.

You collected 105 gold pieces.

Inventory:

Hand Weapons
 a - a +2 shortbow
 g - a +0 short sword of venom (weapon)
Armour
 c - a +1 robe (worn)
Scrolls
 i - a scroll of identify
Potions
 b - a potion of resistance {unknown}
 e - 2 potions of haste
 h - a potion of curing
Comestibles
 f - a bread ration


   Skills:
 + Level 2.1 Fighting
 + Level 6.4 Bows
 + Level 3.7 Dodging
 + Level 2.0 Stealth


You had 3 spell levels left.
You didn't know any spells.

Dungeon Overview and Level Annotations

Branches:
Dungeon (3/15)

Altars:

Annotations:
D:3 JeffiDaFish's ghost, amateur GrHu


Innate Abilities, Weirdness & Mutations

You are very small and have problems with some larger weapons.
You are too small for most types of armour.
You have supernaturally acute eyesight. (SInv)
You are a herbivore.
You cover ground extremely quickly.
You need consume almost no food.


Message History

There is a stone staircase leading up here.
The orc misses you.
The orc priest invokes the aid of Beogh against you.
Pain shoots through your body! The orc misses you.
You climb upwards.
There is a stone staircase leading down here.
You barely miss the orc priest. The orc misses you.
The orc priest hits you with a falchion of protection.
The orc hits you with a trident!
You hit the orc priest but do no damage.
The orc priest is poisoned.
The orc closely misses you.
The orc priest looks encouraged for a moment.
The orc completely misses you.
You hit the orc priest.
The orc priest is moderately wounded.
The orc misses you.
The orc priest hits you with a falchion of protection.
* * * LOW HITPOINT WARNING * * *
The orc misses you. The orc hits you.
You die...

.....#......###..............#
..........### ##........)....#
.........## ##..............#
.)..##...# ##...............#
.######### ##..#####.........#
.# #..## ##.........# .#
#.######..........# .## #.#
#oo...........# ..####### #.#
#@###.........# ....#...##
#.###o# ###########
.........###.#...#
..........##<..########
............(#........#
.............#........#
......................#
.............#........#
###..........#........#


You could see an orc priest and 2 orcs.

Vanquished Creatures
  4 adders (D:2)
  2 worms (D:2)
  2 dart slugs (D:1)
  3 leopard geckos (D:2)
  2 orcs (D:2)
  A giant cockroach (D:1)
  5 hobgoblins
  A quokka (D:2)
  A ball python (D:2)
  3 bats
  2 frilled lizards
  9 goblins
  3 kobolds (D:2)
  4 rats
42 creatures vanquished.

Notes
Turn   | Place    | Note
-------+----------+-------------------------------------------
     0 | D:1      | JeffiDaFish the Spriggan Hunter began the quest for the Orb.
     0 | D:1      | Reached XP level 1. HP: 10/10 MP: 2/2
    86 | D:1      | Reached skill level 5 in Bows
   209 | D:1      | Reached XP level 2. HP: 15/15 MP: 3/3
   743 | D:2      | Reached XP level 3. HP: 18/18 MP: 4/4
   893 | D:2      | Reached skill level 6 in Bows
  1311 | D:2      | Reached XP level 4. HP: 22/23 MP: 5/5
  1536 | D:3      | Noticed JeffiDaFish's ghost (amateur GrHu)
  2030 | D:2      | Slain by an orc

Skill      XL: |  1  2  3 |
---------------+----------+-----
Bows           | 5 6 |  6.4
Fighting       | 2 |  2.1
Stealth        | 2 |  2.0
Dodging        | |  3.7

Action                   |  1- 3 |  4- 6 || total
-------------------------+-------+-------++-------
Melee: Short sword       |     3 |    18 ||    21
 Fire: Shortbow          |   106 |    35 ||   141
  Use: Scroll            |     5 |       ||     5
       Potion            |     4 |       ||     4
Armor: Robe              |     3 |     2 ||     5
Dodge: Dodged            |    44 |    49 ||    93
